Map: Reclamation LE

Players

JeanEtienne - Winner!

  • Race: Zerg Zerg
  • Spawn Location: 11:00

kévinSey - Winner!

  • Race: Zerg Zerg
  • Spawn Location: 12:00

Ekelpack

  • Race: Zerg Zerg
  • Spawn Location: 6:00

Nyck

  • Race: Terran Terran
  • Spawn Location: 5:00

VOD

Have the link to the VOD?

Description

Time

  • Played on: March 26, 2025, 1:29 p.m.
  • Length: 5:07
Show
View Real Time Build Order
Export as new Build Order

JeanEtienne Zerg - Winner!

Build Orders: Hatch First 

Get SALT Encoding   

  12  0:00  Drone  
  13  0:14  Overlord  
  13  0:29  Drone  
  13  0:33  Drone x2  
  16  0:52  Hatchery  
  15  1:13  Drone x3  
  18  1:19  Spawning Pool  
  18  1:22  Extractor  
  16  2:00  Drone x2  
  16  2:01  Drone  
  19  2:07  Queen  
  19  2:08  Queen  
  20  2:11  Drone  
  23  2:18  Drone x2  
  23  2:22  Drone  
  26  2:26  Drone  
  27  2:33  Drone  
  28  2:43  Metabolic Boost  
  28  2:48  Evolution Chamber  
  27  3:00  Zergling x2  
  27  3:01  Overlord x2  
  28  3:23  Zergling x20  
  28  3:24  Zergling x2  
  39  3:54  Lair  
  39  3:58  Extractor  
  39  4:02  Drone x6  
  44  4:03  Overlord  
  44  4:04  Overlord  
  42  4:36  Zergling x6  
  42  4:37  Zergling x14  
Show
View Real Time Build Order
Export as new Build Order

kévinSey Zerg - Winner!

Build Orders: Hatch First 

Get SALT Encoding   

  12  0:00  Drone  
  13  0:12  Overlord  
  13  0:17  Drone  
  14  0:30  Drone  
  14  0:31  Drone  
  16  0:37  Drone  
  17  0:51  Hatchery  
  17  0:54  Drone  
  17  1:08  Spawning Pool  
  17  1:09  Extractor  
  15  1:12  Drone  
  15  1:17  Drone  
  17  1:19  Drone  
  18  1:28  Drone  
  19  1:44  Overlord  
  19  1:56  Zergling x2  
  21  2:01  Zergling x2  
  21  2:03  Zergling x2  
  21  2:07  Queen  
  21  2:08  Queen  
  24  2:10  Metabolic Boost  
  26  2:28  Zergling x8  
  29  2:40  Zergling x4  
  31  3:10  Zergling x10  
  36  3:29  Roach Warren  
  30  3:43  Zergling x2  
  30  3:44  Zergling x10  
  30  4:12  Zergling x14  
  35  4:34  Hatchery  
Show
View Real Time Build Order
Export as new Build Order

Ekelpack Zerg 

Build Orders: Hatch First 

Get SALT Encoding   

  12  0:00  Drone  
  13  0:12  Overlord  
  13  0:17  Drone  
  14  0:31  Drone x2  
  14  0:34  Drone  
  17  0:51  Hatchery  
  17  0:53  Drone  
  17  1:02  Drone  
  18  1:07  Drone  
  18  1:11  Extractor  
  18  1:16  Spawning Pool  
  17  1:28  Drone  
  18  1:57  Overlord  
  18  2:04  Drone  
  18  2:05  Queen x2  
  18  2:06  Zergling x2  
  18  2:07  Zergling x2  
  25  2:12  Zergling x2  
  26  2:17  Drone  
  27  2:25  Drone  
  27  2:27  Metabolic Boost  
  28  2:35  Drone  
  28  2:36  Drone  
  30  2:39  Drone  
  30  2:41  Queen  
  33  2:47  Drone  
  34  2:55  Lair  
  34  2:58  Extractor  
  33  3:09  Drone x2  
  33  3:11  Extractor  
  34  3:26  Drone  
  34  3:27  Drone  
  36  3:30  Overlord x2  
  36  3:34  Extractor  
  31  3:43  Queen  
  33  3:49  Zergling x6  
  33  3:50  Zergling x4  
  33  3:51  Overlord  
  38  3:56  Spire  
  38  4:01  Drone  
  38  4:02  Drone x2  
  35  4:17  Zergling x2  
  31  4:28  Zergling x8  
  27  4:36  Zergling x6  
Show
View Real Time Build Order
Export as new Build Order

Nyck Terran 

Build Orders:  

Get SALT Encoding   

  12  0:00  SCV  
  13  0:12  SCV  
  14  0:19  Supply Depot  
  14  0:25  SCV  
  15  0:42  Barracks  
  15  0:44  SCV  
  16  0:51  Refinery  
  16  0:57  Barracks  
  16  1:00  SCV  
  17  1:12  SCV  
  18  1:25  SCV  
  19  1:36  Reaper  
  20  1:41  Supply Depot  
  20  1:51  Orbital Command  
  19  2:14  Reaper x2  
  21  2:21  Command Center  
  21  2:22  SCV  
  22  2:39  SCV  
  23  2:53  SCV  
  23  2:55  Reaper x2  
  26  3:15  SCV  
  27  3:32  SCV  
  28  3:48  Reaper x2  
  31  3:49  SCV  
  31  3:55  Command Center  
  31  4:00  Supply Depot  
  31  4:01  SCV  
  32  4:06  Factory  
  27  4:31  Marine, Reaper  
  29  4:42  SCV  
  29  4:43  SCV  
Tags
 
Add a new tag
Caveats
  • Supply blocks, unpowered buildings, or Contaminate may cause inaccurate times.
  • Supply counts are checked every 10 seconds.